 Dungeon Crawl Stone Soup version 0.31-a0-40-g1d5085d191 (webtiles) character file.

Game seed: 13588165348927037604

27 lunkers the Chopper (level 3, 0/29 HPs)
             Began as a Meteoran Wanderer on May 18, 2023.
             Slain by a gnoll
             ... wielding a +0 flail
              (7 damage)
             ... on level 2 of the Dungeon.
             The game lasted 00:01:31 (492 turns).

lunkers the Chopper (Meteoran Wanderer)              Turns: 492, Time: 00:01:32

Health: 0/29       AC:  3    Str: 19    XL:     3   Next: 44%
Magic:  4/4        EV: 10    Int: 11    God:
Gold:   75         SH:  4    Dex: 12    Spells: 2/2 levels left

rFire   . . .        a - +2 hand axe
rCold   . . .        c - +0 buckler
rNeg    . . .        e - +0 leather armour
rPois   .            (no helmet)
rElec   .            (no cloak)
rCorr   .            (no gloves)
SInv    .            (no boots)
Will    .....        (no amulet)
Stlth   +            (no ring)
HPRegen 0.24/turn    (no ring)
MPRegen 0.09/turn

%: no passive effects
@: glowing
A: sense surroundings 1, otherworldly, glowing, explore regen
a: no special abilities


You were on level 2 of the Dungeon.
You visited 1 branch of the dungeon, and saw 2 of its levels.

You collected 75 gold pieces.

Inventory:

Hand Weapons
 a - a +2 hand axe (weapon)
 b - a +0 falchion
 k - a +3 short sword
Armour
 c - a +0 buckler (worn)
 e - a +0 leather armour (worn)
Scrolls
 d - a scroll of fear
 f - 2 scrolls of identify {unknown}
 g - 2 scrolls of vulnerability {unknown}
 j - a scroll of enchant armour {unknown}
Potions
 h - a potion of brilliance {unknown}
 i - a potion of flight {unknown}
 l - a potion of heal wounds {unknown}
 m - a potion of cancellation {unknown}
 n - 2 potions of curing {unknown}


   Skills:
 - Level 2.1 Fighting
 - Level 2.4 Long Blades
 + Level 4.2 Axes
 - Level 1.2 Armour
 - Level 3.6 Shields


You had 2 spell levels left.
You didn't know any spells.
Your spell library was empty.

Dungeon Overview and Level Annotations

Branches:
Dungeon (2/15) Zot: 698

Altars:

Shops:
D:1 (


Innate Abilities, Weirdness & Mutations

You passively map a small area around you.
You are easily found by Zot.
You glow in the dark.
You regain HP and MP as you explore.


Message History

No target in view!
No target in view!
No target in view!
No target in view!
No target in view!
n - 2 silvery potions (gained 1)
Found a stone staircase leading down.
An endoplasm comes into view.
A gnoll comes into view. It is wielding a +0 club.
The gnoll shouts!
A gnoll comes into view. It is wielding a +0 spear.
A gnoll comes into view. It is wielding a +0 flail.
Found a fuming red potion and 13 gold pieces.
The gnoll shouts! x2
Found a stone staircase leading down.
The endoplasm freezes you.
You are frozen.
You hit the endoplasm.
The endoplasm is heavily wounded.
The endoplasm freezes you.
You are frozen.
You hit the endoplasm.
You kill the endoplasm!
You hit the gnoll but do no damage. The gnoll misses you.
The gnoll hits you from afar with a +0 spear.
You hit the gnoll but do no damage. The gnoll hits you with a +0 club.
* * * LOW HITPOINT WARNING * * *
The gnoll hits you from afar with a +0 spear!
* * * LOW HITPOINT WARNING * * *
You hit the gnoll.
The gnoll is moderately wounded.
You hit the gnoll. The gnoll hits you with a +0 flail.
* * * LOW HITPOINT WARNING * * *
You block the gnoll's attack.
The gnoll hits you from afar with a +0 spear.
* * * LOW HITPOINT WARNING * * *
You hit the gnoll but do no damage.
The gnoll is moderately wounded.
You hit the gnoll. The gnoll hits you with a +0 flail!
You die...

#.# ######. , , ..###
##.......# ....########
##........# ,
###........###..........
** #
########...#..........
###...........>
###..........
#.......... ##.@g.....#*
#..g....... #....g$....
#.......... #..........
#.......... ##.!.$....#
##......## *


You could see 3 gnolls.

Vanquished Creatures
  A dart slug (D:2)
  A bat (D:1)
  An endoplasm (D:2)
  2 giant cockroaches (D:1)
  2 goblins (D:1)
  3 hobgoblins
  5 kobolds
  2 ball pythons (D:1)
  2 frilled lizards
  5 rats
24 creatures vanquished.

Notes
Turn   | Place    | Note
-------+----------+-------------------------------------------
     0 | D:1      | lunkers the Meteoran Wanderer began the quest for the Orb.
     0 | D:1      | lunkers set off with the following items: a +2 hand axe, a
                  | +0 falchion, a +0 buckler, a scroll of fear, a +0 leather
                  | armour.
     0 | D:1      | Reached XP level 1. HP: 17/17 MP: 2/2
    57 | D:1      | Reached skill level 3 in Axes
    57 | D:1      | Reached XP level 2. HP: 11/24 MP: 3/3
   191 | D:1      | Found Ykiywa's Weapon Emporium.
   343 | D:1      | Reached XP level 3. HP: 29/29 MP: 4/4
   390 | D:2      | Reached skill level 4 in Axes
   492 | D:2      | Slain by a gnoll

Illustrated notes

Levels and vault maps discovered:
D:1:      dpeg_arrival_rooms_a, layout_loops_ring, serial_shops, shop,
          ebering_ecumenical_altar_webs
D:2:      layout_rooms, uniq_terence

Skill      XL: |  1  2  3 |
---------------+----------+-----
Axes           | 3 4 |  4.2
Fighting       | |  2.1
Long Blades    | |  2.4
Armour         | |  1.2
Shields        | |  3.6

Action                     || total
---------------------------++-------
  Melee: Hand axe          ||    53
 Armour: Leather armour    ||    13
  Dodge: Dodged            ||    17
  Block: Buckler           ||    11

Table legend: (Time is in decaauts)
 A = Elapsed time spent in this place.
 B = Non-inter-level travel time spent in this place.
 C = Inter-level travel time spent in this place.
 D = Time resting spent in this place.
 E = Time spent auto-exploring this place.
 F = Levels seen in this place.
 G = Mean time per level.
                   A        B        C        D        E       F      G
               +--------+--------+--------+--------+--------+-----+--------+
         Total |    500 |    500 |      0 |      0 |    348 |   2 |  250.0 |
       Dungeon |    500 |    500 |      0 |      0 |    348 |   2 |  250.0 |
               +--------+--------+--------+--------+--------+-----+--------+

Top non-repeatable levels by time:
     D:1: 390 daAuts
     D:2: 109 daAuts
